 Dungeon Crawl Stone Soup version 0.28-a0-390-gb254ac4902 (webtiles) character file.

Game seed: 7177777865391275018

27 SkeletonJelly the Cudgeller (level 3, -4/23 HPs)
             Began as a Gargoyle Chaos Knight on Sept 4, 2021.
             Was a Plaything of Xom.
             Slain by Terence (9 damage)
             ... on level 1 of the Dungeon.
             The game lasted 00:04:01 (1016 turns).

SkeletonJelly the Cudgeller (Gargoyle Chaos Knight) Turns: 1016, Time: 00:04:02

Health: -4/23      AC: 12    Str: 13 (16) XL:     3   Next: 10%
Magic:  3/3        EV: 11    Int: 10 (12) God:    Xom [..*...]
Gold:   72         SH:  0    Dex:  9 (11) Spells: 2/2 levels left

rFire   . . .      SeeInvis .   a - +0 mace (chaos)
rCold   . . .      Faith    .   (no shield)
rNeg    + . .      Spirit   .   b - +2 leather armour
rPois   ∞          Reflect  .   (no helmet)
rElec   +          Harm     .   (no cloak)
rCorr   .          Rampage  .   (no gloves)
Will    .....                   (no boots)
Stlth   +.........              (no amulet)
HPRegen 0.07/turn               (no ring)
MPRegen 0.08/turn               (no ring)

@: attractive
A: sickness immunity, AC +3, negative energy resistance 1, electricity
resistance, torment resistance 1, petrification resistance, iridescent scales 2,
agile 1
a: Renounce Religion


You were on level 1 of the Dungeon.
You worshipped Xom.
You were a toy of Xom.
You visited 1 branch of the dungeon, and saw 2 of its levels.

You collected 72 gold pieces.

Inventory:

Hand Weapons
 a - a +0 mace of chaos (weapon)
Armour
 b - a +2 leather armour (worn)
 g - a +0 buckler
Scrolls
 d - a scroll of blinking {unknown}
Potions
 f - a potion of attraction


   Skills:
 - Level 3.2 Fighting
 + Level 4.2 Maces & Flails
 - Level 2.1 Armour
 - Level 0.7 Dodging


You had 2 spell levels left.
You didn't know any spells.
Your spell library was empty.

Dungeon Overview and Level Annotations

Branches:
Dungeon (2/15)

Altars:

Annotations:
D:1 Terence


Innate Abilities, Weirdness & Mutations

You are immune to sickness and miasma.
Your stone body is resilient. (AC +3)
You are immune to poison.
You resist negative energy. (rN+)
You are resistant to electric shocks. (rElec)
You are resistant to unholy torment.
You are immune to petrification.
You are mostly covered in iridescent scales. (AC +4)
You are agile. (Dex +2)


Message History

The ball python constricts you.
You barely miss the ball python.
The ball python is moderately wounded.
The ball python barely misses you. The ball python constricts you.
The ball python bites you but does no damage.
The ball python constricts you.
You closely miss the ball python.
The ball python is moderately wounded.
The ball python bites you but does no damage.
The ball python constricts you.
You closely miss the ball python.
The ball python is moderately wounded.
The ball python bites you but does no damage.
The ball python constricts you.
You take 1 damage, and have 22/23 hp.
You sock the ball python! You burn the ball python.
You kill the ball python!
Terence says, "Rest in peace."
Terence closely misses you.
You climb upwards.
There is a stone staircase leading down here.
You hit Terence but do no damage. Terence hits you with a +0 flail.
Terence hits you but does no damage.
You take 3 damage, and have 19/23 hp.
You hit Terence but do no damage. Terence hits you with a +0 flail!
You take 9 damage, and have 10/23 hp.
MASSIVE DAMAGE!!
You are too injured to fight recklessly!
You are too injured to fight recklessly!
You are too injured to fight recklessly!
You are too injured to fight recklessly!
You are too injured to fight recklessly!
You are too injured to fight recklessly!
You are too injured to fight recklessly!
You are too injured to fight recklessly!
You are too injured to fight recklessly!
You are too injured to fight recklessly!
You are too injured to fight recklessly!
You are too injured to fight recklessly!
You are too injured to fight recklessly!
You are too injured to fight recklessly!
You are too injured to fight recklessly!
You are too injured to fight recklessly!
You are too injured to fight recklessly!
You are too injured to fight recklessly!
You are too injured to fight recklessly!
You are too injured to fight recklessly!
You are too injured to fight recklessly!
You are too injured to fight recklessly!
You are too injured to fight recklessly!
You are too injured to fight recklessly!
You are too injured to fight recklessly!
You are too injured to fight recklessly!
You are too injured to fight recklessly!
It was a potion of attraction.
You feel attractive to monsters.
Xom is highly amused!
Terence closely misses you.
It was a potion of degeneration.
There was something very wrong with that liquid.
You feel weakened.
You feel dopey.
You feel clumsy.
Xom thinks this is hilarious!
Terence misses you.
It was a potion of mutation.
You feel extremely strange.
Iridescent scales grow over part of your body.
Iridescent scales spread over more of your body.
You feel agile. Terence hits you but does no damage.
Unknown command.
You closely miss Terence. Terence barely misses you.
You hit Terence.
Terence suddenly seems more agile.
Terence is lightly wounded.
Terence says, "Time to say good-bye..."
Terence misses you.
You barely miss Terence.
Terence is lightly wounded.
Terence barely misses you.
You closely miss Terence.
Terence is lightly wounded.
Terence misses you. Terence hits you with a +0 flail.
You take 3 damage, and have 8/23 hp.
You closely miss Terence.
Terence is lightly wounded.
Terence completely misses you.
You hit Terence but do no damage.
Terence is lightly wounded.
Terence hits you but does no damage.
You hit Terence.
Terence is lightly wounded.
Terence closely misses you.
You hit Terence.
Terence goes berserk!
Terence is moderately wounded.
Terence hits you with a +0 flail.
* * * LOW HITPOINT WARNING * * *
Terence closely misses you.
You take 3 damage, and have 5/23 hp.
You hit Terence but do no damage.
Terence is poisoned.
Terence is moderately wounded.
Terence hits you with a +0 flail!
You die...
Xom chuckles heartily!

#...............
#)##.##..##.##..
#.##.##........#
#.##.##.######.. #.##.##.#
##. ###.##.##.## #.
#......>...######.
#.####..#.........
#@####........###.
#.@........##.# #.
#..8.⌠.8...##.# ##
#..........##.# #
###########..⌠._.⌠...##.# #
#....................##÷# #
#.##########.8.⌠.8...##>####
#.# #........###..... ##.##
#.........÷......


You could see Terence (berserk, agile, very poisoned).

Vanquished Creatures
  A dart slug (D:1)
  2 bats (D:1)
  An endoplasm (D:1)
  A giant cockroach (D:1)
  2 goblins (D:1)
  2 hobgoblins (D:1)
  3 jackals (D:1)
  A kobold (D:1)
  6 ball pythons
  2 frilled lizards (D:1)
  A rat (D:1)
22 creatures vanquished.

Notes
Turn   | Place    | Note
-------+----------+-------------------------------------------
     0 | D:1      | SkeletonJelly the Gargoyle Chaos Knight began the quest for
                  | the Orb.
     0 | D:1      | Reached XP level 1. HP: 14/14 MP: 1/1
   114 | D:1      | XOM: silly message
   311 | D:1      | Reached XP level 2. HP: 19/19 MP: 2/2
   625 | D:1      | Found a faded altar of an unknown god.
   647 | D:1      | XOM: 8-stop teleportation journey
   652 | D:1      | Reached skill level 4 in Maces & Flails
   809 | D:1      | Reached XP level 3. HP: 20/23 MP: 3/3
   980 | D:2      | Noticed Terence
  1007 | D:1      | Gained mutation: You are partially covered in iridescent
                  | scales. (AC +2) [potion of mutation]
  1007 | D:1      | Gained mutation: You are mostly covered in iridescent
                  | scales. (AC +4) [potion of mutation]
  1007 | D:1      | Gained mutation: You are agile. (Dex +2) [potion of
                  | mutation]
  1016 | D:1      | Slain by Terence

Illustrated notes

Levels and vault maps discovered:
D:1:      lightli_arrival_windingriver, layout_loops_ring,
          hellmonk_ecumenical_altar_dog_temple
D:2:      layout_basic, basic_altar, mrwooster_statue_mirror,
          minmay_goblin_outpost, uniq_robin, uniq_terence,
          uniq_crazy_yiuf_cottage, uniq_jessica

Skill      XL: |  1  2 |
---------------+-------+-----
Maces & Flails | 4 |  4.2
Fighting       | |  3.2
Armour         | |  2.1
Dodging        | |  0.7

Action                   || total
-------------------------++-------
Melee: Mace              ||    64
  Use: Potion            ||     3
Armor: Leather armour    ||    42
Dodge: Dodged            ||    43

Table legend: (Time is in decaauts)
 A = Elapsed time spent in this place.
 B = Non-inter-level travel time spent in this place.
 C = Inter-level travel time spent in this place.
 D = Time resting spent in this place.
 E = Time spent auto-exploring this place.
 F = Levels seen in this place.
 G = Mean time per level.
                   A        B        C        D        E       F      G
               +--------+--------+--------+--------+--------+-----+--------+
         Total |   1031 |   1024 |      7 |      0 |    869 |   2 |  515.5 |
       Dungeon |   1031 |   1024 |      7 |      0 |    869 |   2 |  515.5 |
               +--------+--------+--------+--------+--------+-----+--------+

Top non-repeatable levels by time:
     D:1: 994 daAuts
     D:2: 37 daAuts
